3255 views
Uploaded 2019-12-01 20:45:49
Game version 1.32.0.3 / 1.32.0.3.1
59:17 long 4on4 ladder game on (8)Feralas_LV
Saved by iggythefisk
3255 views
Uploaded 2019-12-01 20:45:49
Game version 1.32.0.3 / 1.32.0.3.1
59:17 long 4on4 ladder game on (8)Feralas_LV


158 units @ 16.2k
/ 0.9k
452 buildings @ 22.6k
/ 11.8k
Blinn
(59:16) : 


| Scroll of Regeneration | 1 | 100 |
| Lesser Clarity Potion | 1 | 70 |
| Orb of Fire | 2 | 650 |
| Staff of Sanctuary | 3 | 750 |
| Scroll of Town Portal | 1 | 350 |
| Boots of Speed | 3 | 750 |
| Staff of Teleportation | 3 | 450 |
| Circlet of Nobility | 2 | 350 |
| Periapt of Vitality | 1 | 325 |
| total: | 17 | 3795g |
| Peasant | 19 | 1425 | / | 0 |
| Priest | 1 | 135 | / | 10 |
| total: | 20 | 1560g | / | 10w |
| Scout Tower | 97 | 2910 | / | 1940 |
| Arcane Tower | 3 | 210 | / | 150 |
| Guard Tower | 27 | 1890 | / | 1350 |
| Altar of Kings | 2 | 360 | / | 100 |
| Farm | 13 | 1040 | / | 260 |
| Lumber Mill | 3 | 360 | / | 0 |
| Arcane Vault | 4 | 520 | / | 120 |
| Town Hall | 2 | 770 | / | 410 |
| Arcane Sanctum | 1 | 150 | / | 140 |
| Keep | 1 | 320 | / | 210 |
| Castle | 1 | 360 | / | 210 |
| total: | 122 | 6110g | / | 2970w |
| 0:02 | Peasant |
| 0:02 | Peasant |
| 0:15 | Altar of Kings |
| 0:17 | Farm |
| 0:20 | Peasant |
| 0:30 | Lumber Mill |
| 0:33 | Peasant |
| 0:51 | Peasant |
| 0:54 | Scout Tower |
| 0:58 | Farm |
| 1:04 | Peasant |
| 1:18 | Peasant |
| 1:25 | Peasant |
| 1:28 | Arcane Tower |
| 1:42 | Scout Tower |
| 1:53 | Peasant |
| 1:53 | Peasant |
| 1:53 | Peasant |
| 2:02 | Scout Tower |
| 2:03 | Scout Tower |
| 2:15 | Storm Bolt |
| 2:21 | Guard Tower |
| 2:27 | Farm |
| 2:28 | Peasant |
| 2:29 | Peasant |
| 2:38 | Arcane Vault |
| 2:49 | Guard Tower |
| 3:20 | Scout Tower |
| 3:49 | Bash |
| 3:50 | Keep |
| 4:10 | Scout Tower |
| 4:12 | Scout Tower |
| 4:45 | Boots of Speed |
| 4:45 | Staff of Teleportation |
| 4:53 | Town Hall |
| 5:35 | Scout Tower |
| 5:45 | Improved Masonry |
| 5:56 | Farm |
| 6:02 | Guard Tower |
| 6:05 | Scout Tower |
| 6:05 | Guard Tower |
| 6:08 | Scroll of Regeneration |
| 6:18 | Lesser Clarity Potion |
| 6:37 | Scout Tower |
| 7:03 | Castle |
| 7:07 | Scout Tower |
| 7:08 | Guard Tower |
| 7:16 | Scout Tower |
| 7:17 | Scout Tower |
| 7:46 | Holy Light |
| 8:04 | Storm Bolt |
| 8:11 | Scout Tower |
| 8:12 | Scout Tower |
| 8:13 | Scout Tower |
| 8:13 | Guard Tower |
| 8:18 | Peasant |
| 8:18 | Peasant |
| 8:21 | Improved Lumber Harvesting |
| 8:26 | Boots of Speed |
| 8:26 | Staff of Teleportation |
| 8:50 | Guard Tower |
| 8:52 | Scout Tower |
| 9:01 | Scout Tower |
| 9:02 | Scout Tower |
| 9:08 | Divine Shield |
| 9:42 | Circlet of Nobility |
| 9:58 | Scout Tower |
| 9:59 | Scout Tower |
| 9:59 | Guard Tower |
| 10:15 | Scout Tower |
| 10:18 | Arcane Vault |
| 10:19 | Arcane Vault |
| 10:20 | Arcane Vault |
| 11:02 | Banish |
| 11:21 | Scout Tower |
| 11:23 | Scout Tower |
| 11:23 | Scout Tower |
| 11:24 | Guard Tower |
| 11:48 | Boots of Speed |
| 11:48 | Staff of Teleportation |
| 11:48 | Periapt of Vitality |
| 11:49 | Circlet of Nobility |
| 12:00 | Orb of Fire |
| 12:02 | Staff of Sanctuary |
| 12:22 | Orb of Fire |
| 12:22 | Staff of Sanctuary |
| 12:25 | Staff of Sanctuary |
| 12:43 | Guard Tower |
| 14:49 | Holy Light |
| 16:33 | Arcane Sanctum |
| 17:23 | Scout Tower |
| 17:24 | Scout Tower |
| 17:24 | Scout Tower |
| 17:25 | Scout Tower |
| 17:35 | Scout Tower |
| 17:39 | Scout Tower |
| 17:39 | Scout Tower |
| 17:40 | Scout Tower |
| 17:56 | Guard Tower |
| 18:11 | Guard Tower |
| 18:13 | Scout Tower |
| 18:13 | Scout Tower |
| 18:17 | Scout Tower |
| 18:21 | Bash |
| 18:30 | Scout Tower |
| 18:35 | Scout Tower |
| 18:39 | Scout Tower |
| 18:40 | Guard Tower |
| 18:40 | Guard Tower |
| 18:41 | Scout Tower |
| 18:43 | Scout Tower |
| 18:44 | Guard Tower |
| 18:45 | Scout Tower |
| 18:50 | Magic Sentry |
| 18:51 | Priest |
| 18:51 | Priest Adept Training |
| 18:56 | Guard Tower |
| 19:05 | Scout Tower |
| 19:06 | Scout Tower |
| 19:07 | Guard Tower |
| 19:09 | Scout Tower |
| 19:09 | Guard Tower |
| 19:14 | Guard Tower |
| 19:17 | Scout Tower |
| 19:40 | Siphon Mana |
| 19:56 | Guard Tower |
| 21:58 | Advanced Masonry |
| 23:13 | Scout Tower |
| 23:14 | Scout Tower |
| 23:15 | Scout Tower |
| 23:15 | Scout Tower |
| 23:16 | Scout Tower |
| 23:17 | Scout Tower |
| 23:54 | Guard Tower |
| 23:55 | Scout Tower |
| 23:56 | Scout Tower |
| 24:02 | Town Hall |
| 24:06 | Scout Tower |
| 24:07 | Scout Tower |
| 24:08 | Scout Tower |
| 24:08 | Scout Tower |
| 24:09 | Scout Tower |
| 24:19 | Scout Tower |
| 24:42 | Scout Tower |
| 24:43 | Scout Tower |
| 24:44 | Scout Tower |
| 24:45 | Scout Tower |
| 24:47 | Scout Tower |
| 24:48 | Scout Tower |
| 25:44 | Scout Tower |
| 25:44 | Scout Tower |
| 25:45 | Scout Tower |
| 25:47 | Scout Tower |
| 25:48 | Scout Tower |
| 25:48 | Scout Tower |
| 25:49 | Scout Tower |
| 25:51 | Scout Tower |
| 25:52 | Scout Tower |
| 26:34 | Scroll of Town Portal |
| 26:43 | Guard Tower |
| 26:45 | Scout Tower |
| 26:46 | Scout Tower |
| 26:47 | Scout Tower |
| 26:48 | Scout Tower |
| 27:08 | Scout Tower |
| 27:09 | Scout Tower |
| 27:11 | Guard Tower |
| 27:16 | Scout Tower |
| 27:18 | Scout Tower |
| 27:23 | Peasant |
| 27:23 | Peasant |
| 27:23 | Peasant |
| 27:24 | Peasant |
| 27:28 | Guard Tower |
| 27:31 | Scout Tower |
| 27:33 | Scout Tower |
| 27:43 | Imbued Masonry |
| 27:46 | Guard Tower |
| 27:50 | Scout Tower |
| 27:53 | Scout Tower |
| 28:04 | Guard Tower |
| 28:05 | Scout Tower |
| 28:15 | Lumber Mill |
| 28:17 | Lumber Mill |
| 28:22 | Arcane Tower |
| 28:23 | Scout Tower |
| 28:26 | Scout Tower |
| 28:34 | Scout Tower |
| 28:34 | Scout Tower |
| 28:37 | Scout Tower |
| 28:38 | Arcane Tower |
| 29:51 | Guard Tower |
| 30:11 | Scout Tower |
| 30:12 | Scout Tower |
| 30:12 | Scout Tower |
| 30:13 | Scout Tower |
| 31:25 | Altar of Kings |
| 31:27 | Farm |
| 31:28 | Farm |
| 32:24 | Farm |
| 32:27 | Farm |
| 32:38 | Farm |
| 32:41 | Farm |
| 32:46 | Farm |
| 32:48 | Farm |
| 33:51 | Farm |
| 37:55 | Divine Shield |
| 38:00 | Storm Bolt |
| 39:11 | Siphon Mana |
| 44:47 | Holy Light |
| 46:22 | Banish |
| 46:36 | Avatar |
| 50:25 | Divine Shield |
| 51:54 | Siphon Mana |
| 52:54 | Bash |
| 57:52 | Devotion Aura |
| 58:42 | Summon Phoenix |
| Right click | 4365 |
| Select | 1416 |
| Select group | 959 |
| Use ability | 306 |
| Build/train/purchase | 208 |
| Chat | 108 |
| Misc. action | 87 |
| Assign group | 49 |
| Resource trade | 42 |
| Item give/drop | 11 |
| Esc | 7 |
| Minimap ping | 4 |


| Wisp | 23 | 1380 | / | 0 |
| Archer | 15 | 1950 | / | 150 |
| Glaive Thrower | 2 | 420 | / | 130 |
| Huntress | 6 | 1170 | / | 120 |
| Hippogryph | 1 | 160 | / | 20 |
| Forest Troll Shadow Priest | 1 | 195 | / | 10 |
| Footman | 7 | 945 | / | 0 |
| Dragonhawk Rider | 2 | 400 | / | 60 |
| Peasant | 1 | 75 | / | 0 |
| total: | 58 | 6695g | / | 490w |
| Ancient Protector | 1 | 135 | / | 80 |
| Altar of Elders | 1 | 180 | / | 50 |
| Moon Well | 8 | 1440 | / | 320 |
| Ancient of War | 2 | 300 | / | 120 |
| Hunter's Hall | 1 | 210 | / | 100 |
| Tree of Life | 1 | 340 | / | 185 |
| Ancient of Wind | 1 | 150 | / | 140 |
| Tree of Ages | 1 | 320 | / | 180 |
| Tree of Eternity | 1 | 330 | / | 200 |
| total: | 15 | 2755g | / | 995w |
| 0:03 | Wisp |
| 0:21 | Wisp |
| 0:27 | Altar of Elders |
| 0:32 | Wisp |
| 0:37 | Moon Well |
| 0:49 | Ancient of War |
| 0:50 | Wisp |
| 1:10 | Wisp |
| 1:12 | Wisp |
| 1:25 | Wisp |
| 1:53 | Wisp |
| 1:55 | Archer |
| 1:56 | Archer |
| 2:08 | Moon Well |
| 2:20 | Wisp |
| 2:36 | Searing Arrows |
| 3:06 | Archer |
| 3:10 | Wisp |
| 3:10 | Wisp |
| 3:32 | Archer |
| 4:01 | Archer |
| 4:12 | Wisp |
| 4:12 | Wisp |
| 4:12 | Wisp |
| 4:18 | Hunter's Hall |
| 4:20 | Archer |
| 4:28 | Moon Well |
| 5:28 | Trueshot Aura |
| 5:30 | Strength of the Moon |
| 5:32 | Archer |
| 5:32 | Archer |
| 5:42 | Moon Well |
| 6:16 | Wisp |
| 6:16 | Wisp |
| 6:23 | Tree of Life |
| 6:35 | Moon Well |
| 6:41 | Archer |
| 6:41 | Archer |
| 6:46 | Ancient of War |
| 6:52 | Ancient Protector |
| 8:04 | Moon Well |
| 8:34 | Wisp |
| 8:34 | Wisp |
| 8:34 | Wisp |
| 8:35 | Wisp |
| 9:31 | Wisp |
| 9:38 | Moon Well |
| 9:41 | Ultravision |
| 9:43 | Tree of Ages |
| 9:47 | Glaive Thrower |
| 9:49 | Glaive Thrower |
| 10:05 | Trueshot Aura |
| 10:20 | Huntress |
| 10:20 | Huntress |
| 11:46 | Forest Troll Shadow Priest |
| 12:17 | Moon Glaive |
| 12:19 | Archer |
| 12:28 | Tree of Eternity |
| 12:30 | Improved Strength of the Moon |
| 13:25 | Improved Bows |
| 13:27 | Moon Armor |
| 14:05 | Ancient of Wind |
| 14:11 | Moon Well |
| 14:14 | Huntress |
| 14:14 | Huntress |
| 14:16 | Huntress |
| 14:17 | Huntress |
| 14:58 | Immolation |
| 15:01 | Marksmanship |
| 15:03 | Vorpal Blades |
| 17:19 | Wisp |
| 17:19 | Wisp |
| 17:27 | Advanced Strength of the Moon |
| 17:29 | Archer |
| 17:30 | Archer |
| 17:32 | Archer |
| 17:32 | Archer |
| 17:35 | Hippogryph |
| 20:42 | Footman |
| 20:42 | Footman |
| 20:43 | Footman |
| 20:45 | Footman |
| 20:45 | Footman |
| 20:45 | Footman |
| 20:46 | Footman |
| 20:47 | Dragonhawk Rider |
| 20:49 | Dragonhawk Rider |
| 22:11 | Peasant |
| Right click | 893 |
| Select | 321 |
| Build/train/purchase | 81 |
| Use ability | 48 |
| Resource trade | 40 |
| Misc. action | 16 |
| Assign group | 14 |
| Select group | 14 |
| Chat | 4 |
| Remove unit | 2 |


| Scroll of Regeneration | 1 | 100 |
| Lesser Clarity Potion | 1 | 70 |
| total: | 2 | 170g |
| Peasant | 12 | 900 | / | 0 |
| Footman | 5 | 675 | / | 0 |
| Rifleman | 7 | 1435 | / | 210 |
| Priest | 4 | 540 | / | 40 |
| Knight | 2 | 490 | / | 120 |
| Sorceress | 1 | 155 | / | 20 |
| total: | 31 | 4195g | / | 390w |
| Scout Tower | 11 | 330 | / | 220 |
| Guard Tower | 10 | 700 | / | 500 |
| Altar of Kings | 1 | 180 | / | 50 |
| Farm | 9 | 720 | / | 180 |
| Barracks | 2 | 320 | / | 120 |
| Lumber Mill | 2 | 240 | / | 0 |
| Blacksmith | 1 | 140 | / | 60 |
| Town Hall | 1 | 385 | / | 205 |
| Arcane Vault | 1 | 130 | / | 30 |
| Arcane Sanctum | 1 | 150 | / | 140 |
| Gryphon Aviary | 2 | 280 | / | 300 |
| Keep | 1 | 320 | / | 210 |
| Castle | 1 | 360 | / | 210 |
| total: | 31 | 2875g | / | 1305w |
| 0:11 | Altar of Kings |
| 0:13 | Peasant |
| 0:13 | Peasant |
| 0:14 | Peasant |
| 0:33 | Farm |
| 0:42 | Peasant |
| 0:50 | Barracks |
| 0:57 | Farm |
| 1:00 | Peasant |
| 1:30 | Lumber Mill |
| 1:36 | Peasant |
| 1:36 | Peasant |
| 1:37 | Peasant |
| 1:55 | Farm |
| 1:57 | Footman |
| 2:16 | Holy Light |
| 2:18 | Footman |
| 2:21 | Farm |
| 2:35 | Blacksmith |
| 3:12 | Barracks |
| 3:15 | Footman |
| 3:33 | Footman |
| 3:42 | Scout Tower |
| 3:43 | Scout Tower |
| 3:52 | Farm |
| 5:01 | Devotion Aura |
| 5:25 | Town Hall |
| 5:35 | Rifleman |
| 5:39 | Farm |
| 5:40 | Farm |
| 5:45 | Scout Tower |
| 5:49 | Keep |
| 5:53 | Iron Forged Swords |
| 5:57 | Guard Tower |
| 6:10 | Lumber Mill |
| 6:21 | Guard Tower |
| 6:31 | Arcane Vault |
| 7:03 | Farm |
| 7:05 | Rifleman |
| 7:16 | Rifleman |
| 8:03 | Scroll of Regeneration |
| 8:05 | Lesser Clarity Potion |
| 8:09 | Guard Tower |
| 8:17 | Scout Tower |
| 8:21 | Long Rifles |
| 8:22 | Footman |
| 8:28 | Farm |
| 8:32 | Improved Lumber Harvesting |
| 8:55 | Divine Shield |
| 9:24 | Castle |
| 9:28 | Scout Tower |
| 9:29 | Scout Tower |
| 9:30 | Guard Tower |
| 9:37 | Peasant |
| 9:37 | Peasant |
| 9:37 | Peasant |
| 9:38 | Peasant |
| 9:52 | Rifleman |
| 9:58 | Guard Tower |
| 10:25 | Arcane Sanctum |
| 10:42 | Guard Tower |
| 11:34 | Rifleman |
| 12:03 | Scout Tower |
| 12:16 | Priest |
| 12:17 | Priest Adept Training |
| 12:21 | Scout Tower |
| 13:21 | Blizzard |
| 13:30 | Guard Tower |
| 13:32 | Sundering Blades |
| 13:33 | Animal War Training |
| 13:35 | Priest |
| 13:43 | Priest |
| 13:49 | Scout Tower |
| 13:51 | Guard Tower |
| 14:09 | Scout Tower |
| 15:02 | Knight |
| 16:44 | Knight |
| 16:49 | Gryphon Aviary |
| 17:10 | Guard Tower |
| 17:27 | Sorceress |
| 17:32 | Guard Tower |
| 17:37 | Gryphon Aviary |
| 17:40 | Steel Forged Swords |
| 17:41 | Iron Plating |
| 17:54 | Rifleman |
| 17:54 | Rifleman |
| 17:58 | Priest |
| 18:37 | Scout Tower |
| 19:05 | Storm Hammers |
| 19:49 | Holy Light |
| Right click | 1077 |
| Select group | 366 |
| Select | 292 |
| Build/train/purchase | 68 |
| Use ability | 19 |
| Assign group | 18 |
| Misc. action | 7 |
| Minimap ping | 2 |
| Item give/drop | 1 |
| Esc | 1 |



x1)
| Scroll of Regeneration | 2 | 200 |
| Staff of Sanctuary | 3 | 750 |
| Orb of Fire | 2 | 650 |
| Boots of Speed | 3 | 750 |
| Staff of Teleportation | 3 | 450 |
| Tome of Retraining | 1 | 300 |
| total: | 14 | 3100g |
| Peasant | 48 | 3600 | / | 0 |
| Priest | 1 | 135 | / | 10 |
| total: | 49 | 3735g | / | 10w |
| Scout Tower | 269 | 8070 | / | 5380 |
| Arcane Tower | 7 | 490 | / | 350 |
| Guard Tower | 75 | 5250 | / | 3750 |
| Altar of Kings | 1 | 180 | / | 50 |
| Lumber Mill | 2 | 240 | / | 0 |
| Farm | 5 | 400 | / | 100 |
| Arcane Vault | 2 | 260 | / | 60 |
| Town Hall | 4 | 1540 | / | 820 |
| Arcane Sanctum | 1 | 150 | / | 140 |
| Keep | 1 | 320 | / | 210 |
| Castle | 1 | 360 | / | 210 |
| total: | 284 | 10840g | / | 6550w |
| 0:01 | Peasant |
| 0:03 | Altar of Kings |
| 0:13 | Peasant |
| 0:19 | Lumber Mill |
| 0:23 | Peasant |
| 0:32 | Farm |
| 0:33 | Peasant |
| 0:47 | Peasant |
| 0:52 | Peasant |
| 0:59 | Farm |
| 1:02 | Scout Tower |
| 1:19 | Scout Tower |
| 1:24 | Scout Tower |
| 1:30 | Peasant |
| 1:32 | Scout Tower |
| 1:37 | Peasant |
| 1:46 | Peasant |
| 1:54 | Arcane Vault |
| 1:56 | Peasant |
| 2:00 | Scout Tower |
| 2:10 | Summon Water Elemental |
| 2:22 | Arcane Tower |
| 2:23 | Peasant |
| 2:24 | Peasant |
| 2:51 | Arcane Tower |
| 2:54 | Guard Tower |
| 2:55 | Guard Tower |
| 2:56 | Scout Tower |
| 3:00 | Peasant |
| 3:00 | Peasant |
| 3:22 | Brilliance Aura |
| 4:03 | Scout Tower |
| 4:21 | Scout Tower |
| 4:41 | Town Hall |
| 4:45 | Scout Tower |
| 4:46 | Scout Tower |
| 4:47 | Guard Tower |
| 4:48 | Guard Tower |
| 4:48 | Guard Tower |
| 4:50 | Scout Tower |
| 4:55 | Boots of Speed |
| 4:55 | Staff of Teleportation |
| 5:25 | Scout Tower |
| 5:26 | Arcane Tower |
| 5:26 | Guard Tower |
| 5:43 | Farm |
| 5:57 | Guard Tower |
| 5:58 | Guard Tower |
| 5:59 | Scout Tower |
| 6:00 | Scout Tower |
| 6:06 | Summon Water Elemental |
| 6:18 | Scout Tower |
| 6:19 | Scout Tower |
| 6:31 | Improved Masonry |
| 6:33 | Peasant |
| 6:40 | Guard Tower |
| 7:05 | Scout Tower |
| 7:05 | Peasant |
| 7:06 | Peasant |
| 7:06 | Peasant |
| 7:07 | Guard Tower |
| 7:29 | Keep |
| 7:30 | Guard Tower |
| 7:31 | Scout Tower |
| 7:49 | Guard Tower |
| 7:50 | Scout Tower |
| 7:53 | Peasant |
| 7:53 | Peasant |
| 7:57 | Arcane Tower |
| 8:00 | Arcane Vault |
| 8:02 | Scout Tower |
| 8:02 | Scout Tower |
| 8:03 | Scout Tower |
| 8:04 | Scout Tower |
| 8:04 | Scout Tower |
| 8:16 | Scout Tower |
| 8:25 | Guard Tower |
| 8:26 | Scout Tower |
| 8:29 | Scout Tower |
| 8:29 | Scout Tower |
| 8:31 | Scout Tower |
| 8:32 | Scout Tower |
| 8:45 | Guard Tower |
| 8:51 | Scout Tower |
| 9:27 | Guard Tower |
| 9:30 | Brilliance Aura |
| 10:00 | Advanced Masonry |
| 10:00 | Improved Lumber Harvesting |
| 10:00 | Castle |
| 10:05 | Scout Tower |
| 10:08 | Lumber Mill |
| 10:17 | Guard Tower |
| 10:18 | Scout Tower |
| 11:16 | Storm Bolt |
| 11:20 | Guard Tower |
| 11:22 | Scout Tower |
| 11:24 | Scout Tower |
| 11:24 | Scout Tower |
| 11:28 | Guard Tower |
| 12:18 | Boots of Speed |
| 12:18 | Staff of Teleportation |
| 12:24 | Guard Tower |
| 12:27 | Scout Tower |
| 12:27 | Scout Tower |
| 12:28 | Scout Tower |
| 12:28 | Scout Tower |
| 12:52 | Guard Tower |
| 12:53 | Scout Tower |
| 12:54 | Scout Tower |
| 12:54 | Scout Tower |
| 12:55 | Scout Tower |
| 13:33 | Holy Light |
| 13:47 | Guard Tower |
| 14:11 | Scroll of Regeneration |
| 14:16 | Staff of Sanctuary |
| 14:28 | Guard Tower |
| 14:30 | Scout Tower |
| 14:31 | Scout Tower |
| 14:32 | Scout Tower |
| 14:33 | Scout Tower |
| 15:03 | Guard Tower |
| 15:19 | Arcane Sanctum |
| 15:20 | Scout Tower |
| 15:21 | Scout Tower |
| 15:22 | Scout Tower |
| 15:22 | Scout Tower |
| 15:22 | Scout Tower |
| 15:23 | Scout Tower |
| 16:27 | Guard Tower |
| 16:28 | Scout Tower |
| 17:11 | Guard Tower |
| 17:21 | Scout Tower |
| 17:22 | Scout Tower |
| 17:22 | Scout Tower |
| 17:23 | Scout Tower |
| 17:23 | Scout Tower |
| 17:24 | Scout Tower |
| 17:28 | Tome of Retraining |
| 17:28 | Retrain Hero |
| 17:30 | Blizzard |
| 17:31 | Brilliance Aura |
| 17:36 | Orb of Fire |
| 17:37 | Staff of Sanctuary |
| 18:03 | Imbued Masonry |
| 18:03 | Advanced Lumber Harvesting |
| 18:04 | Guard Tower |
| 18:05 | Magic Sentry |
| 18:06 | Guard Tower |
| 18:17 | Boots of Speed |
| 18:17 | Staff of Teleportation |
| 19:01 | Scout Tower |
| 19:02 | Scout Tower |
| 19:02 | Scout Tower |
| 19:03 | Scout Tower |
| 19:04 | Scout Tower |
| 19:05 | Scout Tower |
| 19:05 | Scout Tower |
| 19:06 | Scout Tower |
| 19:06 | Scout Tower |
| 19:07 | Scout Tower |
| 19:08 | Scout Tower |
| 19:08 | Scout Tower |
| 19:09 | Scout Tower |
| 19:10 | Scout Tower |
| 19:12 | Guard Tower |
| 19:22 | Scout Tower |
| 19:23 | Scout Tower |
| 19:40 | Arcane Tower |
| 19:54 | Bash |
| 20:12 | Arcane Tower |
| 20:14 | Scout Tower |
| 20:15 | Scout Tower |
| 20:16 | Scout Tower |
| 20:16 | Scout Tower |
| 20:20 | Scout Tower |
| 20:21 | Scout Tower |
| 20:22 | Scout Tower |
| 20:22 | Scout Tower |
| 20:24 | Scout Tower |
| 20:24 | Scout Tower |
| 20:27 | Scout Tower |
| 20:27 | Scout Tower |
| 20:28 | Scout Tower |
| 20:28 | Scout Tower |
| 20:29 | Scout Tower |
| 20:29 | Scout Tower |
| 20:29 | Scout Tower |
| 20:30 | Scout Tower |
| 20:30 | Scout Tower |
| 20:31 | Scout Tower |
| 20:37 | Scout Tower |
| 20:38 | Scout Tower |
| 20:39 | Scout Tower |
| 20:39 | Scout Tower |
| 20:40 | Scout Tower |
| 20:40 | Scout Tower |
| 20:41 | Scout Tower |
| 20:43 | Scout Tower |
| 20:44 | Scout Tower |
| 20:46 | Scout Tower |
| 20:47 | Scout Tower |
| 20:48 | Scout Tower |
| 21:01 | Guard Tower |
| 21:10 | Arcane Tower |
| 21:37 | Guard Tower |
| 21:43 | Guard Tower |
| 21:56 | Scout Tower |
| 21:56 | Scout Tower |
| 21:57 | Scout Tower |
| 21:57 | Scout Tower |
| 21:58 | Scout Tower |
| 21:59 | Scout Tower |
| 21:59 | Scout Tower |
| 22:00 | Scout Tower |
| 22:02 | Scout Tower |
| 22:02 | Scout Tower |
| 22:03 | Scout Tower |
| 22:04 | Scout Tower |
| 22:04 | Scout Tower |
| 22:08 | Town Hall |
| 22:13 | Guard Tower |
| 22:18 | Staff of Sanctuary |
| 22:18 | Orb of Fire |
| 22:20 | Scroll of Regeneration |
| 22:22 | Guard Tower |
| 22:40 | Guard Tower |
| 22:47 | Scout Tower |
| 22:48 | Scout Tower |
| 23:22 | Divine Shield |
| 23:50 | Guard Tower |
| 23:52 | Priest Adept Training |
| 23:52 | Priest |
| 23:56 | Peasant |
| 24:10 | Scout Tower |
| 24:11 | Scout Tower |
| 24:13 | Scout Tower |
| 24:13 | Scout Tower |
| 24:14 | Scout Tower |
| 24:14 | Scout Tower |
| 24:18 | Scout Tower |
| 24:20 | Scout Tower |
| 24:21 | Scout Tower |
| 24:22 | Scout Tower |
| 24:23 | Scout Tower |
| 24:27 | Scout Tower |
| 24:28 | Scout Tower |
| 24:28 | Scout Tower |
| 24:29 | Scout Tower |
| 25:49 | Guard Tower |
| 25:54 | Scout Tower |
| 25:55 | Scout Tower |
| 26:47 | Guard Tower |
| 26:57 | Guard Tower |
| 27:01 | Scout Tower |
| 27:02 | Scout Tower |
| 27:02 | Scout Tower |
| 27:03 | Scout Tower |
| 27:04 | Scout Tower |
| 27:04 | Scout Tower |
| 27:05 | Scout Tower |
| 27:06 | Scout Tower |
| 27:19 | Peasant |
| 27:19 | Peasant |
| 27:19 | Peasant |
| 27:19 | Peasant |
| 27:21 | Guard Tower |
| 27:28 | Peasant |
| 27:28 | Peasant |
| 27:28 | Peasant |
| 27:41 | Scout Tower |
| 27:42 | Scout Tower |
| 27:43 | Scout Tower |
| 27:44 | Scout Tower |
| 27:44 | Scout Tower |
| 27:45 | Scout Tower |
| 27:45 | Scout Tower |
| 27:46 | Scout Tower |
| 27:46 | Scout Tower |
| 27:47 | Scout Tower |
| 28:08 | Blizzard |
| 28:19 | Guard Tower |
| 28:25 | Town Hall |
| 28:30 | Peasant |
| 28:31 | Peasant |
| 28:32 | Guard Tower |
| 29:54 | Guard Tower |
| 30:00 | Town Hall |
| 31:26 | Scout Tower |
| 31:26 | Scout Tower |
| 31:27 | Scout Tower |
| 31:28 | Scout Tower |
| 31:28 | Scout Tower |
| 31:32 | Guard Tower |
| 31:35 | Scout Tower |
| 31:36 | Scout Tower |
| 31:36 | Scout Tower |
| 31:37 | Scout Tower |
| 31:45 | Peasant |
| 31:45 | Peasant |
| 31:53 | Peasant |
| 32:02 | Peasant |
| 32:19 | Guard Tower |
| 32:22 | Scout Tower |
| 32:23 | Scout Tower |
| 32:24 | Scout Tower |
| 33:15 | Storm Bolt |
| 33:19 | Scout Tower |
| 33:20 | Scout Tower |
| 33:20 | Scout Tower |
| 33:21 | Scout Tower |
| 33:22 | Holy Light |
| 33:48 | Guard Tower |
| 33:51 | Scout Tower |
| 33:52 | Scout Tower |
| 33:54 | Scout Tower |
| 33:54 | Scout Tower |
| 33:55 | Scout Tower |
| 33:56 | Scout Tower |
| 33:56 | Scout Tower |
| 33:57 | Scout Tower |
| 34:00 | Guard Tower |
| 34:02 | Peasant |
| 34:03 | Peasant |
| 34:04 | Scout Tower |
| 34:30 | Scout Tower |
| 34:37 | Scout Tower |
| 34:40 | Scout Tower |
| 34:41 | Scout Tower |
| 34:42 | Guard Tower |
| 34:43 | Scout Tower |
| 34:43 | Scout Tower |
| 34:56 | Peasant |
| 36:06 | Guard Tower |
| 36:18 | Guard Tower |
| 36:21 | Guard Tower |
| 36:23 | Scout Tower |
| 36:23 | Scout Tower |
| 36:54 | Farm |
| 36:55 | Farm |
| 37:17 | Guard Tower |
| 37:19 | Scout Tower |
| 37:19 | Scout Tower |
| 37:59 | Peasant |
| 37:59 | Peasant |
| 39:10 | Scout Tower |
| 39:11 | Scout Tower |
| 39:12 | Peasant |
| 39:13 | Peasant |
| 39:13 | Peasant |
| 39:17 | Scout Tower |
| 39:17 | Scout Tower |
| 39:18 | Scout Tower |
| 39:18 | Scout Tower |
| 39:18 | Scout Tower |
| 39:19 | Scout Tower |
| 39:19 | Scout Tower |
| 39:20 | Scout Tower |
| 39:26 | Guard Tower |
| 39:36 | Scout Tower |
| 39:37 | Scout Tower |
| 39:46 | Guard Tower |
| 40:21 | Guard Tower |
| 40:24 | Scout Tower |
| 40:25 | Scout Tower |
| 40:25 | Scout Tower |
| 40:26 | Scout Tower |
| 40:58 | Guard Tower |
| 41:04 | Guard Tower |
| 41:19 | Scout Tower |
| 41:20 | Scout Tower |
| 41:44 | Scout Tower |
| 41:54 | Scout Tower |
| 41:57 | Scout Tower |
| 42:06 | Scout Tower |
| 42:06 | Scout Tower |
| 42:58 | Bash |
| 43:02 | Peasant |
| 43:02 | Peasant |
| 43:12 | Peasant |
| 43:12 | Peasant |
| 43:41 | Scout Tower |
| 43:42 | Scout Tower |
| 43:43 | Scout Tower |
| 43:43 | Scout Tower |
| 43:44 | Scout Tower |
| 43:45 | Scout Tower |
| 43:54 | Scout Tower |
| 43:57 | Scout Tower |
| 43:57 | Scout Tower |
| 43:58 | Scout Tower |
| 43:58 | Scout Tower |
| 43:59 | Scout Tower |
| 43:59 | Scout Tower |
| 44:11 | Scout Tower |
| 44:11 | Scout Tower |
| 44:18 | Brilliance Aura |
| 44:30 | Guard Tower |
| 44:34 | Guard Tower |
| 44:38 | Guard Tower |
| 44:39 | Scout Tower |
| 44:40 | Scout Tower |
| 44:56 | Guard Tower |
| 45:08 | Guard Tower |
| 45:09 | Scout Tower |
| 45:20 | Scout Tower |
| 45:28 | Scout Tower |
| 45:29 | Scout Tower |
| 45:56 | Guard Tower |
| 45:58 | Scout Tower |
| 45:59 | Scout Tower |
| 46:10 | Scout Tower |
| 46:10 | Scout Tower |
| 46:47 | Guard Tower |
| 46:51 | Scout Tower |
| 46:52 | Scout Tower |
| 46:52 | Scout Tower |
| 47:05 | Guard Tower |
| 47:15 | Divine Shield |
| 47:29 | Scout Tower |
| 48:11 | Storm Bolt |
| 48:16 | Scout Tower |
| 48:24 | Peasant |
| 48:24 | Peasant |
| 48:25 | Guard Tower |
| 48:27 | Scout Tower |
| 48:28 | Scout Tower |
| 48:37 | Guard Tower |
| 48:39 | Scout Tower |
| 48:39 | Scout Tower |
| 48:40 | Scout Tower |
| 48:40 | Scout Tower |
| 48:49 | Scout Tower |
| 48:50 | Scout Tower |
| 49:25 | Guard Tower |
| 49:27 | Scout Tower |
| 49:28 | Scout Tower |
| 49:28 | Scout Tower |
| 49:30 | Scout Tower |
| 49:48 | Guard Tower |
| 49:48 | Scout Tower |
| 49:50 | Scout Tower |
| 49:50 | Scout Tower |
| 50:28 | Guard Tower |
| 50:29 | Scout Tower |
| 50:29 | Scout Tower |
| 51:13 | Guard Tower |
| 51:14 | Scout Tower |
| 51:15 | Scout Tower |
| 51:41 | Mass Teleport |
| 51:45 | Guard Tower |
| 52:35 | Holy Light |
| 52:39 | Guard Tower |
| 52:41 | Scout Tower |
| 53:35 | Guard Tower |
| 53:37 | Scout Tower |
| 55:54 | Guard Tower |
| 56:27 | Avatar |
| 57:00 | Avatar |
| 58:36 | Scout Tower |
| 59:08 | Guard Tower |
| Right click | 3823 |
| Select group | 2294 |
| Select | 770 |
| Chat | 517 |
| Build/train/purchase | 321 |
| Use ability | 302 |
| Assign group | 243 |
| Misc. action | 22 |
| Item give/drop | 10 |
| Minimap ping | 3 |
| Remove unit | 2 |
270 units @ 49.1k
/ 10k
115 buildings @ 13.4k
/ 5.9k



| Orb of Corruption | 1 | 375 |
| total: | 1 | 375g |
| Acolyte | 16 | 1200 | / | 0 |
| Ghoul | 9 | 1080 | / | 0 |
| Frost Wyrm | 18 | 6930 | / | 2160 |
| total: | 43 | 9210g | / | 2160w |
| Altar of Darkness | 1 | 180 | / | 50 |
| Ziggurat | 9 | 1350 | / | 450 |
| Crypt | 2 | 400 | / | 100 |
| Tomb of Relics | 1 | 130 | / | 30 |
| Graveyard | 1 | 215 | / | 0 |
| Sacrificial Pit | 1 | 75 | / | 150 |
| Boneyard | 2 | 350 | / | 400 |
| Halls of the Dead | 1 | 320 | / | 210 |
| Black Citadel | 1 | 325 | / | 230 |
| total: | 17 | 2700g | / | 1180w |
| 0:08 | Acolyte |
| 0:08 | Acolyte |
| 0:13 | Altar of Darkness |
| 0:16 | Ziggurat |
| 0:38 | Crypt |
| 1:22 | Ziggurat |
| 1:29 | Crypt |
| 1:45 | Ghoul |
| 1:46 | Ghoul |
| 2:05 | Ghoul |
| 2:22 | Death Coil |
| 2:33 | Ghoul |
| 2:42 | Ziggurat |
| 3:00 | Ghoul |
| 3:00 | Ghoul |
| 3:15 | Tomb of Relics |
| 3:46 | Ghoul |
| 4:02 | Unholy Aura |
| 4:33 | Halls of the Dead |
| 4:43 | Graveyard |
| 5:54 | Ziggurat |
| 5:55 | Ziggurat |
| 6:03 | Cannibalize |
| 7:06 | Death Coil |
| 7:15 | Acolyte |
| 7:15 | Acolyte |
| 7:15 | Acolyte |
| 7:16 | Acolyte |
| 7:16 | Acolyte |
| 7:53 | Sacrificial Pit |
| 8:34 | Vampiric Aura |
| 8:48 | Black Citadel |
| 8:56 | Ziggurat |
| 8:57 | Ziggurat |
| 10:08 | Creature Attack |
| 10:09 | Creature Carapace |
| 11:10 | Boneyard |
| 11:11 | Boneyard |
| 11:40 | Ghoul |
| 11:41 | Ghoul |
| 12:04 | Ziggurat |
| 12:06 | Ziggurat |
| 12:12 | Improved Creature Attack |
| 12:12 | Improved Creature Carapace |
| 12:30 | Freezing Breath |
| 12:32 | Frost Wyrm |
| 12:48 | Frost Wyrm |
| 13:16 | Frost Wyrm |
| 14:01 | Advanced Creature Attack |
| 14:06 | Frost Wyrm |
| 14:21 | Frost Wyrm |
| 14:23 | Frost Wyrm |
| 14:40 | Carrion Beetles |
| 15:32 | Advanced Creature Carapace |
| 16:32 | Sleep |
| 16:35 | Unholy Aura |
| 18:40 | Carrion Swarm |
| 20:05 | Unholy Aura |
| 20:38 | Ghoul Frenzy |
| 20:41 | Unholy Strength |
| 20:41 | Unholy Armor |
| 20:54 | Vampiric Aura |
| 24:25 | Acolyte |
| 24:25 | Acolyte |
| 24:25 | Acolyte |
| 25:41 | Frost Wyrm |
| 25:41 | Frost Wyrm |
| 25:42 | Frost Wyrm |
| 25:42 | Frost Wyrm |
| 26:29 | Vampiric Aura |
| 26:36 | Animate Dead |
| 30:17 | Acolyte |
| 30:18 | Acolyte |
| 30:18 | Acolyte |
| 30:18 | Acolyte |
| 30:18 | Acolyte |
| 31:04 | Frost Wyrm |
| 31:09 | Spiked Carapace |
| 33:16 | Frost Wyrm |
| 35:03 | Orb of Corruption |
| 36:22 | Inferno |
| 36:53 | Impale |
| 37:26 | Death Coil |
| 41:04 | Frost Wyrm |
| 43:22 | Frost Wyrm |
| 43:24 | Frost Wyrm |
| 47:13 | Acolyte |
| 49:04 | Frost Wyrm |
| 51:16 | Frost Wyrm |
| 52:18 | Frost Wyrm |
| Right click | 1776 |
| Select group | 591 |
| Select | 456 |
| Assign group | 122 |
| Use ability | 98 |
| Build/train/purchase | 86 |
| Chat | 63 |
| Misc. action | 50 |
| Remove unit | 1 |

| Wisp | 27 | 1620 | / | 0 |
| Archer | 6 | 780 | / | 60 |
| Huntress | 2 | 390 | / | 40 |
| Dryad | 16 | 2320 | / | 960 |
| Mountain Giant | 11 | 3850 | / | 1100 |
| Glaive Thrower | 14 | 2940 | / | 910 |
| total: | 76 | 11900g | / | 3070w |
| Ancient Protector | 2 | 270 | / | 160 |
| Altar of Elders | 1 | 180 | / | 50 |
| Moon Well | 8 | 1440 | / | 320 |
| Ancient of War | 1 | 150 | / | 60 |
| Hunter's Hall | 1 | 210 | / | 100 |
| Tree of Life | 1 | 340 | / | 185 |
| Ancient of Wonders | 1 | 90 | / | 30 |
| Ancient of Lore | 2 | 310 | / | 290 |
| Tree of Ages | 1 | 320 | / | 180 |
| Tree of Eternity | 1 | 330 | / | 200 |
| total: | 17 | 2990g | / | 1195w |
| 0:07 | Altar of Elders |
| 0:08 | Wisp |
| 0:09 | Wisp |
| 0:09 | Wisp |
| 0:09 | Wisp |
| 0:17 | Moon Well |
| 0:51 | Wisp |
| 0:51 | Wisp |
| 0:52 | Wisp |
| 1:00 | Ancient of War |
| 1:13 | Wisp |
| 1:14 | Wisp |
| 1:16 | Wisp |
| 2:10 | Hunter's Hall |
| 2:18 | Wisp |
| 2:18 | Wisp |
| 2:18 | Wisp |
| 2:25 | Archer |
| 2:26 | Archer |
| 2:26 | Archer |
| 2:33 | Trueshot Aura |
| 2:43 | Moon Well |
| 3:48 | Moon Well |
| 4:02 | Archer |
| 4:05 | Huntress |
| 4:06 | Huntress |
| 4:59 | Searing Arrows |
| 5:08 | Moon Well |
| 5:31 | Archer |
| 5:31 | Archer |
| 5:33 | Ultravision |
| 5:40 | Strength of the Wild |
| 5:45 | Reinforced Hides |
| 6:37 | Moon Well |
| 6:38 | Tree of Ages |
| 7:58 | Tree of Life |
| 8:15 | Trueshot Aura |
| 8:27 | Moon Well |
| 8:44 | Ancient Protector |
| 9:01 | Wisp |
| 9:02 | Wisp |
| 9:02 | Wisp |
| 9:11 | Ancient of Lore |
| 9:16 | Wisp |
| 9:17 | Wisp |
| 9:27 | Ancient of Lore |
| 10:03 | Improved Strength of the Wild |
| 10:03 | Improved Reinforced Hides |
| 10:28 | Wisp |
| 10:28 | Wisp |
| 10:28 | Wisp |
| 10:28 | Wisp |
| 10:28 | Wisp |
| 10:58 | Dryad |
| 10:58 | Dryad |
| 10:59 | Dryad |
| 11:00 | Dryad |
| 11:00 | Dryad |
| 11:00 | Dryad |
| 11:01 | Abolish Magic |
| 12:00 | Tree of Eternity |
| 12:06 | Dryad |
| 12:07 | Dryad |
| 12:09 | Dryad |
| 12:18 | Wisp |
| 12:18 | Wisp |
| 12:22 | Wisp |
| 12:22 | Wisp |
| 12:44 | Ancient Protector |
| 13:23 | Dryad |
| 13:25 | Dryad |
| 14:21 | Advanced Reinforced Hides |
| 14:21 | Advanced Strength of the Wild |
| 14:22 | Well Spring |
| 14:38 | Ancient of Wonders |
| 16:53 | Resistant Skin |
| 16:53 | Mountain Giant |
| 16:55 | Mountain Giant |
| 16:59 | Moon Well |
| 17:13 | Searing Arrows |
| 17:35 | Moon Well |
| 17:57 | Mountain Giant |
| 17:58 | Hardened Skin |
| 18:50 | Mountain Giant |
| 21:23 | Dryad |
| 21:42 | Trueshot Aura |
| 26:08 | Dryad |
| 26:08 | Dryad |
| 26:09 | Mountain Giant |
| 26:10 | Mountain Giant |
| 26:11 | Mountain Giant |
| 26:15 | Dryad |
| 26:16 | Dryad |
| 31:17 | Mountain Giant |
| 31:17 | Mountain Giant |
| 31:18 | Mountain Giant |
| 31:18 | Mountain Giant |
| 32:20 | Vorpal Blades |
| 32:22 | Glaive Thrower |
| 37:42 | Starfall |
| 38:47 | Glaive Thrower |
| 38:47 | Glaive Thrower |
| 38:48 | Glaive Thrower |
| 39:40 | Glaive Thrower |
| 40:34 | Glaive Thrower |
| 40:35 | Glaive Thrower |
| 43:03 | Glaive Thrower |
| 43:04 | Glaive Thrower |
| 43:04 | Glaive Thrower |
| 43:05 | Glaive Thrower |
| 45:55 | Glaive Thrower |
| 45:56 | Glaive Thrower |
| 45:56 | Glaive Thrower |
| Right click | 1781 |
| Chat | 689 |
| Select | 365 |
| Misc. action | 208 |
| Select group | 191 |
| Build/train/purchase | 110 |
| Assign group | 48 |
| Minimap ping | 28 |
| Use ability | 19 |
| Remove unit | 4 |
| Esc | 1 |

| Scroll of Regeneration | 1 | 100 |
| total: | 1 | 100g |
| Peasant | 12 | 900 | / | 0 |
| Footman | 2 | 270 | / | 0 |
| Rifleman | 57 | 11685 | / | 1710 |
| Priest | 2 | 270 | / | 20 |
| Mortar Team | 8 | 1440 | / | 560 |
| total: | 81 | 14565g | / | 2290w |
| Scout Tower | 30 | 900 | / | 600 |
| Arcane Tower | 3 | 210 | / | 150 |
| Altar of Kings | 1 | 180 | / | 50 |
| Barracks | 5 | 800 | / | 300 |
| Farm | 16 | 1280 | / | 320 |
| Blacksmith | 1 | 140 | / | 60 |
| Lumber Mill | 2 | 240 | / | 0 |
| Arcane Vault | 1 | 130 | / | 30 |
| Town Hall | 1 | 385 | / | 205 |
| Cannon Tower | 20 | 2400 | / | 2000 |
| Workshop | 3 | 420 | / | 420 |
| Arcane Sanctum | 3 | 450 | / | 420 |
| Keep | 1 | 320 | / | 210 |
| Castle | 1 | 360 | / | 210 |
| total: | 63 | 4925g | / | 2405w |
| 0:05 | Altar of Kings |
| 0:06 | Peasant |
| 0:06 | Peasant |
| 0:07 | Peasant |
| 0:07 | Peasant |
| 0:42 | Barracks |
| 0:45 | Peasant |
| 0:46 | Peasant |
| 0:46 | Peasant |
| 0:55 | Farm |
| 0:57 | Farm |
| 1:07 | Peasant |
| 1:45 | Peasant |
| 1:45 | Peasant |
| 1:46 | Peasant |
| 2:08 | Blacksmith |
| 2:18 | Farm |
| 2:30 | Summon Water Elemental |
| 2:31 | Footman |
| 2:33 | Footman |
| 3:06 | Farm |
| 3:07 | Farm |
| 3:08 | Farm |
| 3:44 | Lumber Mill |
| 4:21 | Brilliance Aura |
| 4:32 | Rifleman |
| 4:32 | Rifleman |
| 4:33 | Rifleman |
| 4:33 | Rifleman |
| 4:33 | Rifleman |
| 4:33 | Rifleman |
| 4:42 | Black Gunpowder |
| 5:12 | Arcane Vault |
| 5:19 | Improved Masonry |
| 6:48 | Keep |
| 6:52 | Scout Tower |
| 6:53 | Scout Tower |
| 7:15 | Scroll of Regeneration |
| 7:50 | Summon Water Elemental |
| 8:01 | Scout Tower |
| 8:03 | Scout Tower |
| 8:50 | Rifleman |
| 8:51 | Rifleman |
| 8:51 | Rifleman |
| 8:51 | Rifleman |
| 8:51 | Rifleman |
| 9:23 | Workshop |
| 9:58 | Refined Gunpowder |
| 9:58 | Studded Leather Armor |
| 10:37 | Arcane Sanctum |
| 10:40 | Arcane Sanctum |
| 11:50 | Brilliance Aura |
| 12:03 | Arcane Sanctum |
| 12:04 | Cannon Tower |
| 12:06 | Cannon Tower |
| 12:08 | Cannon Tower |
| 12:09 | Arcane Tower |
| 12:48 | Reinforced Leather Armor |
| 12:51 | Castle |
| 13:51 | Scout Tower |
| 13:52 | Scout Tower |
| 13:58 | Long Rifles |
| 14:01 | Iron Plating |
| 14:01 | Steel Plating |
| 14:06 | Rifleman |
| 14:07 | Rifleman |
| 14:07 | Rifleman |
| 14:07 | Rifleman |
| 14:07 | Rifleman |
| 14:07 | Rifleman |
| 14:07 | Rifleman |
| 14:25 | Cannon Tower |
| 14:41 | Farm |
| 14:43 | Farm |
| 14:44 | Farm |
| 14:45 | Farm |
| 17:12 | Summon Water Elemental |
| 17:35 | Farm |
| 17:35 | Farm |
| 17:37 | Farm |
| 17:38 | Farm |
| 18:53 | Cannon Tower |
| 19:09 | Priest |
| 19:09 | Priest |
| 20:14 | Rifleman |
| 20:14 | Rifleman |
| 20:14 | Rifleman |
| 20:15 | Rifleman |
| 20:15 | Rifleman |
| 20:15 | Rifleman |
| 20:15 | Rifleman |
| 20:25 | Scout Tower |
| 20:26 | Scout Tower |
| 21:03 | Blizzard |
| 21:40 | Lumber Mill |
| 21:46 | Cannon Tower |
| 21:48 | Cannon Tower |
| 21:53 | Scout Tower |
| 22:35 | Scout Tower |
| 22:36 | Cannon Tower |
| 23:46 | Cannon Tower |
| 23:53 | Town Hall |
| 24:17 | Scout Tower |
| 24:18 | Scout Tower |
| 24:21 | Scout Tower |
| 24:56 | Rifleman |
| 24:56 | Rifleman |
| 24:56 | Rifleman |
| 24:57 | Rifleman |
| 24:57 | Rifleman |
| 24:57 | Rifleman |
| 25:43 | Scout Tower |
| 25:44 | Scout Tower |
| 25:45 | Scout Tower |
| 25:46 | Scout Tower |
| 25:54 | Cannon Tower |
| 26:12 | Cannon Tower |
| 26:36 | Backpack |
| 26:39 | Cannon Tower |
| 27:08 | Farm |
| 27:12 | Farm |
| 28:31 | Scout Tower |
| 28:40 | Scout Tower |
| 28:41 | Scout Tower |
| 28:44 | Cannon Tower |
| 29:23 | Cannon Tower |
| 29:25 | Arcane Tower |
| 29:31 | Cannon Tower |
| 29:46 | Arcane Tower |
| 34:51 | Rifleman |
| 34:52 | Rifleman |
| 34:52 | Rifleman |
| 34:52 | Rifleman |
| 34:53 | Rifleman |
| 34:53 | Rifleman |
| 34:53 | Rifleman |
| 34:53 | Rifleman |
| 35:02 | Mortar Team |
| 35:02 | Mortar Team |
| 35:02 | Mortar Team |
| 35:02 | Mortar Team |
| 35:03 | Mortar Team |
| 35:03 | Mortar Team |
| 35:03 | Mortar Team |
| 35:03 | Mortar Team |
| 35:14 | Peasant |
| 35:58 | Workshop |
| 36:31 | Blizzard |
| 37:36 | Rifleman |
| 37:37 | Rifleman |
| 37:37 | Rifleman |
| 37:37 | Rifleman |
| 37:37 | Rifleman |
| 37:37 | Rifleman |
| 37:37 | Rifleman |
| 37:38 | Rifleman |
| 37:55 | Fragmentation Shards |
| 39:21 | Workshop |
| 43:49 | Scout Tower |
| 43:54 | Scout Tower |
| 43:55 | Scout Tower |
| 43:56 | Scout Tower |
| 45:12 | Cannon Tower |
| 45:16 | Scout Tower |
| 45:17 | Scout Tower |
| 45:20 | Scout Tower |
| 45:49 | Cannon Tower |
| 46:30 | Cannon Tower |
| 46:33 | Scout Tower |
| 47:44 | Scout Tower |
| 48:16 | Cannon Tower |
| 49:15 | Barracks |
| 49:16 | Barracks |
| 50:19 | Barracks |
| 51:47 | Barracks |
| 51:48 | Rifleman |
| 51:49 | Rifleman |
| 51:49 | Rifleman |
| 51:49 | Rifleman |
| 51:49 | Rifleman |
| 51:49 | Rifleman |
| 51:49 | Rifleman |
| 51:49 | Rifleman |
| 53:29 | Scout Tower |
| 54:45 | Rifleman |
| 54:45 | Rifleman |
| Right click | 1295 |
| Select | 340 |
| Build/train/purchase | 177 |
| Chat | 72 |
| Select group | 52 |
| Minimap ping | 28 |
| Use ability | 27 |
| Assign group | 14 |
| Remove unit | 11 |
| Esc | 7 |
| Misc. action | 1 |


| Rod of Necromancy | 2 | 300 |
| Orb of Corruption | 1 | 375 |
| total: | 3 | 675g |
| Acolyte | 10 | 750 | / | 0 |
| Ghoul | 5 | 600 | / | 0 |
| Crypt Fiend | 42 | 9030 | / | 1680 |
| Obsidian Statue | 2 | 400 | / | 70 |
| Meat Wagon | 4 | 920 | / | 200 |
| Abomination | 7 | 1680 | / | 490 |
| total: | 70 | 13380g | / | 2440w |
| Nerubian Tower | 6 | 600 | / | 120 |
| Graveyard | 1 | 215 | / | 0 |
| Crypt | 2 | 400 | / | 100 |
| Ziggurat | 9 | 1350 | / | 450 |
| Altar of Darkness | 2 | 360 | / | 100 |
| Tomb of Relics | 1 | 130 | / | 30 |
| Slaughterhouse | 2 | 280 | / | 270 |
| Sacrificial Pit | 1 | 75 | / | 150 |
| Halls of the Dead | 1 | 320 | / | 210 |
| Black Citadel | 1 | 325 | / | 230 |
| total: | 18 | 2810g | / | 1100w |
| 0:10 | Graveyard |
| 0:14 | Crypt |
| 0:22 | Ziggurat |
| 0:33 | Acolyte |
| 1:01 | Acolyte |
| 1:14 | Nerubian Tower |
| 1:31 | Altar of Darkness |
| 1:37 | Altar of Darkness |
| 1:50 | Ghoul |
| 2:03 | Tomb of Relics |
| 2:20 | Creature Attack |
| 2:54 | Ziggurat |
| 3:36 | Ghoul |
| 3:36 | Ghoul |
| 3:39 | Rod of Necromancy |
| 3:42 | Unholy Aura |
| 4:40 | Nerubian Tower |
| 4:43 | Halls of the Dead |
| 4:51 | Crypt |
| 5:13 | Creature Carapace |
| 5:19 | Ghoul |
| 5:19 | Ghoul |
| 5:46 | Ziggurat |
| 5:59 | Crypt Fiend |
| 5:59 | Crypt Fiend |
| 6:44 | Nerubian Tower |
| 7:27 | Web |
| 7:29 | Crypt Fiend |
| 8:00 | Improved Creature Attack |
| 8:28 | Frost Armor |
| 8:40 | Rod of Necromancy |
| 9:36 | Crypt Fiend |
| 9:36 | Crypt Fiend |
| 9:58 | Black Citadel |
| 10:00 | Crypt Fiend |
| 10:00 | Crypt Fiend |
| 10:12 | Ziggurat |
| 10:32 | Death Coil |
| 11:35 | Nerubian Tower |
| 12:21 | Crypt Fiend |
| 12:21 | Crypt Fiend |
| 12:30 | Acolyte |
| 13:22 | Acolyte |
| 13:22 | Acolyte |
| 13:22 | Acolyte |
| 13:23 | Acolyte |
| 14:06 | Slaughterhouse |
| 15:12 | Obsidian Statue |
| 15:12 | Obsidian Statue |
| 16:51 | Frost Nova |
| 17:01 | Death Pact |
| 17:36 | Ziggurat |
| 17:36 | Ziggurat |
| 18:58 | Nerubian Tower |
| 18:59 | Nerubian Tower |
| 20:20 | Unholy Aura |
| 23:03 | Advanced Creature Attack |
| 24:39 | Crypt Fiend |
| 24:39 | Crypt Fiend |
| 24:39 | Crypt Fiend |
| 24:45 | Crypt Fiend |
| 24:46 | Crypt Fiend |
| 24:51 | Frost Armor |
| 24:54 | Frost Nova |
| 25:02 | Orb of Corruption |
| 27:20 | Unholy Aura |
| 31:17 | Crypt Fiend |
| 31:18 | Crypt Fiend |
| 31:18 | Crypt Fiend |
| 31:18 | Crypt Fiend |
| 31:18 | Crypt Fiend |
| 31:18 | Crypt Fiend |
| 31:18 | Crypt Fiend |
| 31:24 | Crypt Fiend |
| 31:24 | Crypt Fiend |
| 31:24 | Crypt Fiend |
| 31:24 | Crypt Fiend |
| 31:25 | Crypt Fiend |
| 31:25 | Crypt Fiend |
| 31:25 | Crypt Fiend |
| 32:55 | Acolyte |
| 32:55 | Acolyte |
| 32:56 | Acolyte |
| 33:32 | Sacrificial Pit |
| 35:02 | Ziggurat |
| 35:02 | Ziggurat |
| 35:03 | Ziggurat |
| 35:13 | Slaughterhouse |
| 37:18 | Meat Wagon |
| 37:18 | Meat Wagon |
| 37:19 | Meat Wagon |
| 37:19 | Meat Wagon |
| 39:20 | Crypt Fiend |
| 39:21 | Crypt Fiend |
| 39:21 | Crypt Fiend |
| 39:21 | Crypt Fiend |
| 39:21 | Crypt Fiend |
| 39:21 | Crypt Fiend |
| 39:21 | Crypt Fiend |
| 44:19 | Animate Dead |
| 45:59 | Crypt Fiend |
| 45:59 | Crypt Fiend |
| 45:59 | Crypt Fiend |
| 45:59 | Crypt Fiend |
| 45:59 | Crypt Fiend |
| 46:00 | Crypt Fiend |
| 46:00 | Crypt Fiend |
| 46:06 | Abomination |
| 46:06 | Abomination |
| 46:06 | Abomination |
| 46:06 | Abomination |
| 46:06 | Abomination |
| 46:06 | Abomination |
| 46:06 | Abomination |
| 58:24 | Death Coil |
| Right click | 4543 |
| Select | 481 |
| Select group | 115 |
| Build/train/purchase | 111 |
| Assign group | 54 |
| Use ability | 23 |
| Misc. action | 8 |
| Esc | 3 |
| Minimap ping | 3 |
| Remove unit | 2 |
⇛